 Dungeon Sprint DCSS version 0.31-a0-692-gf03d1854d5 (webtiles) character file.

Game seed: 16652070031033716859

0 Revguard the Shooter (level 1, -4/12 HPs)
             Began as a Tengu Hunter on Sept 7, 2023.
             Was an Initiate of Hepliaklqana.
             Slain by a white draconian
             ... wielding a +0 war axe
              (15 damage)
             ... in the Dungeon (Sprint V: "Ziggurat Sprint").
             The game lasted 00:01:36 (104 turns).

Revguard the Shooter (Tengu Hunter)                  Turns: 104, Time: 00:01:36

Health: -4/12      AC: 17    Str: 11    XL:     1   Next: 0%
Magic:  2/2        EV: -3    Int:  9    God:    Hepliaklqana [......]
Gold:   0          SH:  0    Dex: 17    Spells: 0/0 levels left

rFire   + . .        C - +27 heavy crossbow "Sniper" {heavy, Acc+∞ SInv}
rCold   + . .        (shield currently unavailable)
rNeg    . . .        E - +5 gold dragon scales
rPois   +            (helmet restricted)
rElec   .            (no cloak)
rCorr   .            (no gloves)
SInv    +            (boots unavailable)
Will    .....        (no amulet) Stlth
                     (no ring)
HPRegen 0.22/turn    (no ring)
MPRegen 0.08/turn

%: no teleportation, acrobat
@: no status effects
A: beak, talons 3, acrobatic
a: Renounce Religion


You were in the Dungeon.
You worshipped Hepliaklqana.
Hepliaklqana was noncommittal.
You visited 1 branch

Inventory:

Hand Weapons
 a - a +0 shortbow
 C - the +27 heavy crossbow "Sniper" (weapon) {heavy, Acc+∞ SInv}
   (You found it in the Dungeon)

   Acc+∞: It never misses its target.
   SInv:      It lets you see invisible.
 D - the +8 storm bow {elec, penet}
   (You found it in the Dungeon)
Armour
 c - a +0 leather armour
 E - +5 gold dragon scales (worn)
Jewellery
 v - a ring of flight
 w - a +6 ring of dexterity
 x - a +6 ring of dexterity
 y - a +6 ring of intelligence
 z - a +6 ring of intelligence
 A - a +6 ring of strength
 B - a +6 ring of strength
Wands
 s - a wand of mindburst (7)
 t - a wand of iceblast (7)
 u - a wand of acid (7)
Scrolls
 b - a scroll of butterflies
 i - 4 scrolls of blinking
 o - 4 scrolls of amnesia
 p - 7 scrolls of fog
 q - 5 scrolls of identify
 r - 2 scrolls of fear
Potions
 d - 10 potions of curing
 e - 10 potions of heal wounds
 f - 6 potions of haste
 g - 7 potions of magic
 h - 3 potions of berserk rage
 j - 2 potions of brilliance
 k - 2 potions of invisibility
 l - 4 potions of resistance
 m - a potion of experience
 n - 5 potions of might


   Skills:
 + Level 2.0 Fighting
 + Level 4.3 Ranged Weapons
 + Level 0.0 Armour
 + Level 2.1 Dodging
 + Level 1.0 Stealth
 + Level 0.0 Evocations


You couldn't memorise any spells.
You didn't know any spells.
Your spell library was empty.

Dungeon Overview and Level Annotations

Branches:
Dungeon (1/1)

Altars:
Ashenzari
Cheibriados
Dithmenos
Elyvilon
Fedhas
Gozag
Hepliaklqana
Kikubaaqudgha
Makhleb
Nemelex Xobeh
Okawaru
Qazlal
Ru
Sif Muna
Trog
Uskayaw
Vehumet
Wu Jian
Xom
Yredelemnul
Zin
The Shining One
Jiyva
Lugonu

Annotations:
D 1 transporter


Innate Abilities, Weirdness & Mutations

You have a beak for a mouth.
You have claws for feet.
You can magically evade attacks while moving or waiting.


Message History

There is a hazy altar of Hepliaklqana here.
You kneel at the altar of Hepliaklqana.
You have lost your religion!
Jiyva does not appreciate desertion!
All of your fellow slimes turn on you. Hepliaklqana welcomes you!
Items here: )))).
Things that are here:
a +5 bardiche; a +5 demon trident
Things that are here:
a +5 executioner's axe; a +5 battleaxe; a +5 broad axe
Items here: [[[[[.
Items here: [[[[[[[.
Okay, then.
Items here: [[[[[[[.
You start removing your armour.
You continue taking off your +0 leather armour. x4
You finish taking off your +0 leather armour.
You start putting on your armour.
You continue putting on your +5 gold dragon scales. x5
You finish putting on your +5 gold dragon scales.
There is a staircase leading out of the dungeon here.
There is a transporter here.
Welcome to arena 1.
You enter the transporter and appear at another place.
A draconian and a white draconian come into view.
The draconian roars!
The white draconian roars!
Found a ring of wizardry and a +1 heavy quarterstaff.
Found a transporter.
Fire: C) +27 heavy crossbow "Sniper" {heavy, Acc+∞ SInv}
Press: ? - help, Q - select action, (/) - cycle Shift-Dir - straight line, f - draconian
Aim: a draconian, wielding a +0 dagger (100% to hit)
You shoot a bolt. The bolt hits the draconian!!
The draconian is moderately wounded.
The white draconian breathes frost at you.
The blast of cold hits you. You resist.
The draconian hits you but does no damage.
The white draconian hits you with a +0 war axe!
Ouch! That really hurt!
You die...

▓▓▓▓▓▓▓
▓.8©8.▓
▓.....▓
▓.).=.▓
▓.....▓
▓.dd..▓
▓..@..▓
▓▓▓▓▓▓▓


You could see a white draconian (catching breath) and a draconian.

Vanquished Creatures (others)
  An azure jelly (D)
  A bat simulacrum (D)
2 creatures vanquished.

Notes
Turn   | Place    | Note
-------+----------+-------------------------------------------
     0 | D        | Revguard the Tengu Hunter began the quest for the Orb.
     0 | D        | Reached XP level 1. HP: 12/12 MP: 2/2
     0 | D        | Found a shimmering blue altar of Sif Muna.
     0 | D        | Found a bloodstained altar of Trog.
     0 | D        | Found a sacrificial altar of Ru.
     0 | D        | Found a stormy altar of Qazlal.
     0 | D        | Found an iron altar of Okawaru.
     2 | D        | Found a sparkling altar of Nemelex Xobeh.
     2 | D        | Found the +6 Majin-Bo {spellvamp, MP+6 Int+6}
     2 | D        | Found the +27 heavy crossbow "Sniper" {heavy, Acc+∞ SInv}
     2 | D        | Found the +10 dark maul {heavy}
     2 | D        | Found the +15 Maxwell's patent armour {-Cast -Tele rElec
                  | Will+ rCorr}
     2 | D        | Found the +18 shield of the Gong {Loud rN+ Will+ rCorr
                  | EV-5}
     2 | D        | Found the +16 obsidian axe {drain, demonic, Mesm Drain Fly
                  | SInv}
     2 | D        | Found the +7 great mace "Firestarter" {flame, immolate,
                  | rFlCloud rF++}
     2 | D        | Found the +6 shillelagh "Devastator" {shatter}
     2 | D        | Found the +11 plutonium sword {Contam Stlth-}
     2 | D        | Found the +8 lance "Wyrmbane" {slay drac, rPois rF+ rC+
                  | AC+3}
     2 | D        | Found the +9 sword of Zonguldrok {reap}
     2 | D        | Found the +13 scythe of Curses {drain, curses, Drain}
     2 | D        | Found the +9 sword of Power {lifebolt}
     2 | D        | Found the +7 mace of Variability {chaos, chaos arc}
     2 | D        | Found the +11 Singing Sword {sonic wave}
     2 | D        | Found the +8 storm bow {elec, penet}
     3 | D        | Found a blossoming altar of Fedhas.
     5 | D        | Found a transporter.
     5 | D        | Found an ancient bone altar of Kikubaaqudgha.
     5 | D        | Found a viscous altar of Jiyva.
     5 | D        | Found a corrupted altar of Lugonu.
     5 | D        | Found a hazy altar of Hepliaklqana.
     5 | D        | Found a burning altar of Makhleb.
     5 | D        | Found an opulent altar of Gozag.
    60 | D        | Became a worshipper of Jiyva Jead the Shapeless
    63 | D        | Killed an azure jelly
    65 | D        | Fell from the grace of Jiyva
    65 | D        | Became a worshipper of Hepliaklqana the Forgotten
   103 | D        | Entered arena 2.
   103 | D        | Noticed a draconian
   103 | D        | Noticed a white draconian
   103 | D        | Found a transporter.
   104 | D        | Slain by a white draconian

Illustrated notes

Levels and vault maps discovered:
D:        sprint_v [room_start, room_1, room_2, room_3, room_4, room_5, room_6,
          room_7, room_8, room_9, room_10, room_11, room_12, room_13, room_14,
          room_15, room_16, room_17, room_18, room_19, room_20, room_21,
          room_22, room_23, room_24, room_25, room_26, room_27]

Action                     || total
---------------------------++-------
   Fire: Heavy crossbow    ||     1
 Armour: Gold dragon scale ||     3

Table legend: (Time is in decaauts)
 A = Elapsed time spent in this place.
 B = Non-inter-level travel time spent in this place.
 C = Inter-level travel time spent in this place.
 D = Time resting spent in this place.
 E = Time spent auto-exploring this place.
 F = Levels seen in this place.
 G = Mean time per level.
                   A        B        C        D        E       F      G
               +--------+--------+--------+--------+--------+-----+--------+
         Total |    103 |    103 |      0 |      0 |      0 |   1 |  103.0 |
       Dungeon |    103 |    103 |      0 |      0 |      0 |   1 |  103.0 |
               +--------+--------+--------+--------+--------+-----+--------+

Top non-repeatable levels by time:
       D: 103 daAuts
